 Dungeon Crawl Stone Soup version 0.31.0-32-g396128a36d (webtiles) character file.

Game seed: 7529358521037626748

328 Peloso the Slasher (level 6, -6/55 HPs)
             Began as a Minotaur Fighter on Mar 24, 2024.
             Mangled by an ogre
             ... wielding a +0 giant spiked club
              (23 damage)
             ... on level 4 of the Dungeon.
             The game lasted 00:04:46 (2431 turns).

Peloso the Slasher (Minotaur Fighter)               Turns: 2431, Time: 00:04:47

Health: -6/55      AC: 13    Str: 21    XL:     6   Next: 25%
Magic:  5/5        EV:  8    Int:  5    God:
Gold:   217        SH:  5    Dex: 17    Spells: 5/5 levels left

rFire   . . .        a - +0 long sword
rCold   . . .        d - +0 buckler
rNeg    + . .        t - +0 chain mail
rPois   .            (helmet restricted)
rElec   .            (no cloak)
rCorr   .            (no gloves)
SInv    .            k - +2 pair of boots {Stlth+}
Will    .....        (no amulet) Stlth
                     i - +6 ring of dexterity
HPRegen 0.29/turn    g - ring of positive energy
MPRegen 0.09/turn

%: no passive effects
@: no status effects
A: horns 2, retaliatory headbutt
a: no special abilities


You were on level 4 of the Dungeon.
You visited 1 branch of the dungeon, and saw 4 of its levels.

You collected 217 gold pieces.

Inventory:

Hand Weapons
 a - a +0 long sword (weapon)
Armour
 b - a +1 scale mail
 c - a +0 pair of boots
 d - a +0 buckler (worn)
 k - a +2 pair of boots of stealth (worn)
 t - a +0 chain mail (worn)
Jewellery
 g - a ring of positive energy (right hand)
 i - a +6 ring of dexterity (left hand)
 j - a +6 ring of strength
 n - a ring of magical power
Scrolls
 f - a scroll of amnesia
 p - 5 scrolls of enchant armour
 q - a scroll of teleportation
 r - a scroll of poison {unknown}
 v - a scroll of fog {unknown}
Potions
 e - 2 potions of might
 h - a potion of curing
 l - a potion of mutation {unknown}
 m - 4 potions of haste {unknown}
 o - 4 potions of brilliance {unknown}
 s - a potion of degeneration {unknown}
 u - a potion of enlightenment {unknown}


   Skills:
 + Level 4.8 Fighting
 + Level 5.5 Long Blades
 + Level 5.0 Armour
 + Level 1.3 Dodging
 + Level 4.6 Shields


You had 5 spell levels left.
You didn't know any spells.
Your spell library contained the following spells:

 Spells                   Type           Power      Damage    Failure   Level
 Magic Dart               Conj           0%         1d3       99%         1
 Blink                    Tloc           0%         N/A       99%         2
 Call Imp                 Summ           0%         N/A       99%         2
 Ensorcelled Hibernation  Hex/Ice        0%         N/A       99%         2
 Fugue of the Fallen      Necr           0%         N/A       100%        3
 Anguish                  Hex/Necr       0%         N/A       100%        4
 Summon Blazeheart Golem  Fire/Summ      0%         N/A       100%        4
 Orb of Destruction       Conj           0%         9d5       100%        7
 Spellforged Servitor     Conj/Summ      0%         N/A       100%        7


Dungeon Overview and Level Annotations

Branches:
Dungeon (4/15)
 Temple: D:4-7

Altars:
Wu Jian


Innate Abilities, Weirdness & Mutations

You have a pair of horns on your head.
You reflexively headbutt those who attack you in melee.


Message History

A goblin is nearby!
Found a scroll of enchant armour.
The goblin hits you with a +0 club.
You barely miss the goblin. Your headbutt misses the goblin.
You block the goblin's attack.
You hit the goblin.
The goblin is heavily wounded.
The goblin barely misses you.
You slash the goblin!
You kill the goblin!
Things that are here:
a +0 club; a goblin corpse
p - 5 scrolls of enchant armour (gained 1)
An ogre comes into view. It is wielding a +0 giant spiked club.
Found 6 gold pieces.
Found a stone staircase leading down.
The ogre moves out of view.
An ogre is nearby!
An ogre is nearby!
An ogre is nearby!
You barely miss the ogre.
The ogre hits you with a +0 giant spiked club.
You barely miss the ogre. You headbutt the ogre.
The ogre is lightly wounded.
The ogre closely misses you. You furiously retaliate!
You headbutt the ogre, but do no damage.
You barely miss the ogre.
The ogre is lightly wounded.
The ogre hits you with a +0 giant spiked club!
You slash the ogre!
The ogre is moderately wounded.
You slash the ogre!
The ogre is severely wounded.
The ogre closely misses you.
You hit the ogre but do no damage.
The ogre is severely wounded.
The ogre hits you with a +0 giant spiked club!!
You hit the ogre.
The ogre is almost dead.
The ogre hits you with a +0 giant spiked club!!
You die...

#....##### #.##
#........# #.#
#........# #.#
##.#.....# #.#
#.#..)..# #.#
#.#.....#####.# #####
##..<#......)..#
......##....###########
.....$O@.......>.
####.###.....##..
####..# ..# #.# #.#
########### #)# .#.
........<.# ###.#
#)#######....
..........# ....#
#)#.......#


You could see an ogre.

Vanquished Creatures
  A scorpion (D:4)
  A hound (D:4)
  A gnoll bouda (D:4)
  Jessica (D:2)
  Natasha (D:2)
  Terence (D:2)
  5 gnolls (D:4)
  2 adders (D:2)
  3 ribbon worms
  3 dart slugs
  3 orcs (D:4)
  9 endoplasms
  3 giant cockroaches
  8 goblins
  4 hobgoblins
  2 jackals (D:4)
  A ball python (D:2)
  5 bats
  2 frilled lizards (D:1)
  5 kobolds
  4 rats
65 creatures vanquished.

Notes
Turn   | Place    | Note
-------+----------+-------------------------------------------
     0 | D:1      | Peloso the Minotaur Fighter began the quest for the Orb.
     0 | D:1      | Reached XP level 1. HP: 19/19 MP: 0/0
   336 | D:1      | Reached XP level 2. HP: 26/27 MP: 1/1
   513 | D:1      | Found a faded altar of an unknown god.
   914 | D:2      | Reached XP level 3. HP: 30/33 MP: 2/2
  1025 | D:2      | Noticed Jessica
  1028 | D:2      | Killed Jessica
  1090 | D:2      | Reached XP level 4. HP: 38/41 MP: 3/3
  1316 | D:2      | Noticed Natasha
  1327 | D:2      | Killed Natasha
  1328 | D:2      | Reached skill level 1 in Dodging
  1451 | D:2      | Noticed Terence
  1457 | D:2      | Killed Terence
  1458 | D:2      | Reached XP level 5. HP: 47/47 MP: 4/4
  2003 | D:3      | Identified the +4 robe of Eternity {Harm rF+ rN+ Dex-5}
  2223 | D:4      | Reached skill level 5 in Long Blades
  2231 | D:4      | Reached XP level 6. HP: 53/55 MP: 5/5
  2275 | D:4      | Found an ornate altar of the Wu Jian Council.
  2396 | D:4      | Reached skill level 5 in Armour
  2431 | D:4      | Mangled by an ogre

Illustrated notes

Levels and vault maps discovered:
D:1:      eino_arrival_cavern_c, layout_basic,
          shapermc_ecumenical_altar_flowoftime
D:2:      layout_loops_cross, chequers_serial_rivers_small_3,
          chequers_serial_rivers_room_b, uniq_natasha, uniq_jessica,
          uniq_terence
D:3:      layout_rooms, nicolae_twisty_statue_hallways
D:4:      layout_basic, mainiacjoe_overflow_surrounded_room

Skill      XL: |  1  2  3  4  5  6 |
---------------+-------------------+-----
Fighting       | 4 |  4.8
Armour         | 4 5 |  5.0
Shields        | 4 |  4.6
Long Blades    | 3 5 |  5.5
Dodging        | 1 |  1.3

Action                     |  1- 3 |  4- 6 || total
---------------------------+-------+-------++-------
  Melee: Long sword        |    96 |    88 ||   184
         Headbutt          |    16 |    22 ||    38
    Use: Scroll            |     2 |     7 ||     9
 Armour: Scale mail        |    39 |    25 ||    64
         Chain mail        |       |    45 ||    45
  Dodge: Dodged            |    45 |    44 ||    89
  Block: Buckler           |    17 |    27 ||    44
